cohdb
Replays
Latest Replays
All Replays
Popular Replays
Top Player Replays
Match Explorer
How It Works
Community
CoH3 Stats
Reddit
Sign in to upload your games and track your stats! →
Sign in with Steam
Match 47471396
Unlisted
Match 47471396
Overview
Messages
Build Orders
End
Pioneer Squad
Construct Infanterie Kompanie
MG 42 Machine Gun Team
MG 42 Machine Gun Team
Grenadier Squad
Medical Station
Construct Luftwaffe Kompanie
Pioneer Squad
Infanterie Officer Quarters
Jäger Squad
Jäger Squad
Support Elements
Aleck
ㅋㅋㅋㅋㅋㅋㅋㅋㅋ
Королева PizdаliSov
vandezh
Gray
Hugh G Wrecktion
kamacura
Jerking Hans
0
0
Comments
sign in to comment!
No comments posted yet!